[Event "Early-Titled-Tuesday-Blitz-October-24-2023"]
[Site "Chess.com"]
[Date "2023.10.24"]
[Round "9"]
[White "Duhless"]
[Black "OhanyanEminChess"]
[Result "1-0"]
[WhiteElo "3091"]
[BlackElo "2856"]
[TimeControl "180+1"]
[EndTime "9:41:54 PDT"]
[Termination "Duhless won by resignation"]

1. d4 Nf6 2. Nf3 d5 3. c4 e6 4. g3 dxc4 5. Bg2 c6 6. O-O b5 7. Ne5 Bb7 8. Nc3 a6 9. b3 b4 10. Ne4 Nxe4 11. Bxe4 c3 12. a3 a5 13. Bf4 Bd6 14.
Qd3 f5 15. Bg2 Qc7 16. axb4 axb4 17. Rxa8 Bxa8 18. Ra1 Bb7 19. Ra7 Qb6 20. Qc4 Bxe5 21. Qxe6+ Kd8 22. Bg5+ Bf6 23. Bxf6+ gxf6 24. Qxf6+ Kc7 25.
Qe5+ Kd7 26. Qxf5+ Ke7 27. Qg5+ Kf7 28. Ra5 Bc8 29.
Qf4+ Ke7 30. Qg5+ Kd6 31. Qe5+ Kd7 32. Bh3+ Kd8 33. Qxh8+ 1-0

[Event "Early-Titled-Tuesday-Blitz-October-24-2023"]
[Site "Chess.com"]
[Date "2023.10.24"]
[Round "9"]
[White "djokovic74"]
[Black "dimitrisl"]
[Result "0-1"]
[WhiteElo "2686"]
[BlackElo "2587"]
[TimeControl "180+1"]
[EndTime "9:41:55 PDT"]
[Termination "dimitrisl won on time"]

1. e4 e5 2. Nf3 Nc6 3. Bb5 Nf6 4. d3 Bc5 5. c3 d6 6. O-O O-O 7. Nbd2 Ne7 8. Re1 Ng6 9. Nf1 c6 10. Ba4 h6 11. Ng3 Bb6 12. Bc2 Re8 13. a4 d5 14. b4 Bc7 15. a5 a6 16. h3 Be6 17.
d4 dxe4 18. Nxe4 Nxe4 19. Bxe4 f5 20. Bc2 e4 21. Nd2 Nf4 22. Nf1 Qg5 23. Bxf4 Bxf4 24.
Bb3 Bxb3 25. Qxb3+ Kh8 26. Rad1 Rad8 27. d5 Qf6 28. dxc6 Qxc6 29. Qf7 Qc8 30. Rxd8 Rxd8 31.
c4 Rf8 32. Qd5 Rd8 33. Qf7 Be5 0-1

[Event "Early-Titled-Tuesday-Blitz-October-24-2023"]
[Site "Chess.com"]
[Date "2023.10.24"]
[Round "9"]
[White "Karttunen"]
[Black "RCone"]
[Result "1-0"]
[WhiteElo "2596"]
[BlackElo "2427"]
[TimeControl "180+1"]
[EndTime "9:41:56 PDT"]
[Termination "Karttunen won by checkmate"]

1. e4 d6 2. d4 Nf6 3. Nc3 g6 4. f4 Bg7 5. Nf3 O-O 6. Bd3 Na6 7. e5 Nd7 8. a3 c5 9. Be3 cxd4 10.
Bxd4 dxe5 11. fxe5 Nac5 12. Bc4 Ne6 13. Bxe6 fxe6 14.
Qd2 Qc7 15. Qe3 Nb6 16. Bxb6 axb6 17. O-O Ra5 18. Rad1 Bd7 19. Ne4 Bb5 20. Rf2 h6 21. h4 Bc6 22. h5 Bxe4 23. Qxe4 g5 24. Qg6 Qc6 25. Nxg5 Rxf2 26. Rd8+ Rf8 27. Qh7# 1-0

[Event "Early-Titled-Tuesday-Blitz-October-24-2023"]
[Site "Chess.com"]
[Date "2023.10.24"]
[Round "9"]
[White "AlexPapasimakopoulos"]
[Black "lilleper1"]
[Result "0-1"]
[WhiteElo "2693"]
[BlackElo "2883"]
[TimeControl "180+1"]
[EndTime "9:41:57 PDT"]
[Termination "lilleper1 won by resignation"]

1. d4 Nf6 2. c4 e6 3. Nc3 Bb4 4. Qc2 d6 5. a3 Bxc3+ 6. Qxc3 O-O 7. f3 b6 8. e4 c5 9. dxc5 bxc5 10. Bg5 Nc6 11.
Bxf6 Qxf6 12. Qxf6 gxf6 13. Ne2 Rb8 14. O-O-O Rd8 15. Nc3 a6 16. Bd3 Kg7 17. Bc2 Nd4 18. Rd2 e5 19. Ne2 Nc6 20. Rhd1 Na5 21. Rxd6 Rxd6 22.
Rxd6 Be6 23. Rxa6 Nxc4 24. Nc3 Rxb2 25. Rxe6 fxe6 26. Bd3 Rb3 27. Kc2 Na5 28. Bb5 Rxa3 29.
Na4 Ra2+ 30. Nb2 c4 31. g3 Ra1 32. Nxc4 Nxc4 33. Bxc4 Rh1 34. Bxe6 Rxh2+ 35. Kd3 h5 36. Ke3 Rg2 37. g4 h4 38. f4 Rg3+ 39. Kf2 exf4 40. Bc8 Kh6 0-1

[Event "Early-Titled-Tuesday-Blitz-October-24-2023"]
[Site "Chess.com"]
[Date "2023.10.24"]
[Round "9"]
[White "ATM622"]
[Black "Ginzburg_Yakov"]
[Result "0-1"]
[WhiteElo "2417"]
[BlackElo "2589"]
[TimeControl "180+1"]
[EndTime "9:41:57 PDT"]
[Termination "Ginzburg_Yakov won by checkmate"]

1. d4 d5 2. c4 c6 3. Nf3 Nf6 4. Nbd2 b5 5. b3 Bf5 6. e3 a6 7.
a4 bxc4 8. bxc4 e6 9. c5 Nbd7 10. a5 e5 11. Qa4 Qc7 12. Nh4 Be6 13. Rb1 Be7 14. Bd3 Ne4 15. Bxe4 dxe4 16. g3 Bxh4 17. gxh4 O-O 18. h5 f5 19. Rg1 exd4 20. exd4 Qxh2 21. Rg5 e3 22. Qxc6 Qxf2+ 23. Kd1 e2+ 24. Kc2 e1=Q 25. h6 Qe4+ 26. Qxe4 fxe4 27. Rxg7+ Kh8 28. Kc3 Qe3+ 29. Kc2 Qd3+ 30. Kd1 Rf1# 0-1

[Event "Early-Titled-Tuesday-Blitz-October-24-2023"]
[Site "Chess.com"]
[Date "2023.10.24"]
[Round "9"]
[White "SergioMoralesG"]
[Black "Sofia_Blokhin"]
[Result "1-0"]
[WhiteElo "2403"]
[BlackElo "2253"]
[TimeControl "180+1"]
[EndTime "9:42:00 PDT"]
[Termination "SergioMoralesG won by resignation"]

1. d4 g6 2. c4 f5 3. Nc3 Nf6 4. g3 Bg7 5. Bg2 O-O 6. Nf3 d6 7.
O-O Nc6 8. d5 Na5 9. Qd3 e5 10.
dxe6 Bxe6 11. b3 Ne4 12. Bb2 Nc6 13. a3 Nc5 14. Qc2 a5 15. Nd5 Qd7 16. Rad1 a4 17.
b4 Ne4 18. Nd4 Nxd4 19. Bxd4 Ng5 20. h4 Bxd4 21. Rxd4 Bxd5 22. Bxd5+ Nf7 23. Bxb7 Rab8 24.
Bd5 c5 25. bxc5 dxc5 26. Rdd1 Rb3 27. h5 Qc7 28. Kg2 Rxa3 29. hxg6 hxg6 30. Qb2 Rb3 31. Qf6 Qb6 32. Bxf7+ Rxf7 33. Rd8+ Qxd8 34. Qxd8+ Rf8 35. Qd6 a3 36. Qxg6+ 1-0

[Event "Early-Titled-Tuesday-Blitz-October-24-2023"]
[Site "Chess.com"]
[Date "2023.10.24"]
[Round "9"]
[White "I_am_Javi"]
[Black "Sanan_Sjugirov"]
[Result "0-1"]
[WhiteElo "2803"]
[BlackElo "2954"]
[TimeControl "180+1"]
[EndTime "9:42:02 PDT"]
[Termination "Sanan_Sjugirov won by checkmate"]

1. e4 c6 2. d4 d5 3. e5 Bf5 4. c3 e6 5. Be2 Ne7 6. Be3 Bg6 7. Nf3 Nf5 8. O-O c5 9. Nbd2 Nc6 10. Nb3 c4 11. Nbd2 Be7 12. Bf4 b5 13. g4 Nh4 14. Nxh4 Bxh4 15. Bg3 h5 16. f4 hxg4 17.
Bxg4 Bd3 18. Rf3 g6 19. b3 Kf8 20. bxc4 bxc4 21. Qa4 Ne7 22. Nf1 Be2 23. Ne3 Bxf3 24. Bxf3 Rb8 25. Qa3 Kg7 26. Rf1 Nf5 27. Nxf5+ gxf5 28. Bg2 Bxg3 29. hxg3 Qb6 30. Qe7 Qd8 31. Qa3 Rb7 32.
g4 Qh4 33. gxf5 Qh2+ 34. Kf2 Qxf4+ 35. Kg1 Qe3+ 36. Rf2 Rb1+ 37. Bf1 Rxf1+ 38. Kxf1 Rh1+ 39. Kg2 Qh3# 0-1

[Event "Early-Titled-Tuesday-Blitz-October-24-2023"]
[Site "Chess.com"]
[Date "2023.10.24"]
[Round "9"]
[White "sergeikim"]
[Black "Rodalquilar"]
[Result "1-0"]
[WhiteElo "2612"]
[BlackElo "2736"]
[TimeControl "180+1"]
[EndTime "9:42:02 PDT"]
[Termination "sergeikim won by checkmate"]

1. d4 d5 2. c4 e6 3. Nc3 a6 4. e3 Nf6 5. Nf3 b6 6. cxd5 exd5 7. Bd3 Bb7 8. O-O Bd6 9. Ne5 O-O 10. f4 c5 11. Qf3 Nc6 12. Qh3 cxd4 13. Nxd5 h6 14. Nxf6+ Qxf6 15. Nd7 Qe7 16. Nxf8 Rxf8 17. e4 Nb4 18. e5 Bc5 19. Bd2 Nxd3 20. Qxd3 a5 21. Rae1 Qe6 22. f5 Qd5 23. Qg3 Kh7 24. e6 d3+ 25. Kh1 Bd6 26. Qg4 Be5 27. Rxe5 Qxe5 28.
Bc3 Bxg2+ 29. Qxg2 Qe2 30. Qxg7# 1-0

[Event "Early-Titled-Tuesday-Blitz-October-24-2023"]
[Site "Chess.com"]
[Date "2023.10.24"]
[Round "9"]
[White "Felix-Rose"]
[Black "ShahxaibKhan"]
[Result "1-0"]
[WhiteElo "2322"]
[BlackElo "2396"]
[TimeControl "180+1"]
[EndTime "9:42:02 PDT"]
[Termination "Felix-Rose won by resignation"]

1. e4 d5 2. exd5 Nf6 3. Nf3 Nxd5 4. d4 g6 5. c4 Nb6 6. Nc3 Bg7 7. c5 Nd5 8. Bc4 c6 9. Qb3 O-O 10. Nxd5 cxd5 11.
Bxd5 Nc6 12. Bxc6 bxc6 13. Be3 Ba6 14. O-O-O Be2 15. Rd2 Bxf3 16. gxf3 Qd7 17. d5 Qf5 18. dxc6 Qxf3 19. Qd5 Qg4 20. h3 Qb4 21. c7 Qa5 22. Bf4 e5 23. Bxe5 Bxe5 24. Qxe5 Rac8 25. Rd7 Qxa2 26.
Rhd1 a5 27. Rd8 Qc4+ 28. Kb1 Qe6 29. Rxf8+ Kxf8 30. Qxe6 fxe6 31. Rd8+ 1-0

[Event "Early-Titled-Tuesday-Blitz-October-24-2023"]
[Site "Chess.com"]
[Date "2023.10.24"]
[Round "9"]
[White "GroovyKettle"]
[Black "vugarrasulov"]
[Result "1-0"]
[WhiteElo "3014"]
[BlackElo "3007"]
[TimeControl "180+1"]
[EndTime "9:42:05 PDT"]
[Termination "GroovyKettle won by resignation"]

1. e4 c5 2. Nf3 d6 3. d4 cxd4 4. Nxd4 Nf6 5. Nc3 a6 6. Be3 e5 7. Nf3 h6 8. Bc4 Be7 9. O-O O-O 10. Qe2 Be6 11. Rfd1 Qc7 12. Bb3 Nc6 13. Nh4 Rad8 14. Nf5 Bxf5 15. exf5 Rfe8 16. a3 b5 17. Nd5 Nxd5 18.
Bxd5 Bf6 19. c3 Ne7 20. Qg4 Nxd5 21. Rxd5 Kh7 22. Rad1 Rd7 23. g3 Qc6 24. h4 Rc8 25. Qh5 Kg8 26. g4 Be7 27. g5 hxg5 28. hxg5 Qc4 29. g6 Qh4 30. gxf7+ Kf8 31. Qxh4 Bxh4 32. Rxd6 Rxd6 33. Rxd6 Ra8 34. Rd7 Be7 35. Kg2 Rc8 36.
Ra7 Rc6 37. Kf3 Bc5 38. Bxc5+ Rxc5 39. Rxa6 Kxf7 40. Rb6 Rc4 41. Rxb5 Rf4+ 42. Ke3 Kf6 43. b4 Rc4 44. Kd3 Rf4 45. Ke3 Kxf5 46. a4 Re4+ 47. Kd3 Rf4 48. a5 Rf3+ 49. Kc4 Rxf2 50. a6 1-0

[Event "Early-Titled-Tuesday-Blitz-October-24-2023"]
[Site "Chess.com"]
[Date "2023.10.24"]
[Round "9"]
[White "meoluoi91"]
[Black "Noki102"]
[Result "1-0"]
[WhiteElo "2598"]
[BlackElo "2433"]
[TimeControl "180+1"]
[EndTime "9:42:05 PDT"]
[Termination "meoluoi91 won by resignation"]

1. d4 d5 2. c4 c6 3. Nc3 Nf6 4. cxd5 cxd5 5. Bf4 a6 6. e3 Nc6 7. Bd3 e6 8. Nf3 Bd6 9. Bg5 Qb6 10. a3 O-O 11. O-O Na5 12. Bxf6 gxf6 13. b4 Nc4 14. e4 Nb2 15. Qc2 Nxd3 16. Qxd3 dxe4 17. Nxe4 Be7 18. Rfd1 Bd7 19. d5 Bb5 20. Qb3 Rac8 21. d6 Bd8 22. Nc5 Be2 23. Nd7 Bxd1 24. Rxd1 Qc6 25. Nxf8 Kxf8 26. Qe3 Qc2 27. Re1 Rc3 28. Qh6+ Kg8 29. h3 Qg6 30. Qf4 Kg7 31. Rd1 Rxa3 32.
d7 Qc2 33. Rc1 Qb2 34. Rc8 Ra1+ 35. Kh2 1-0

[Event "Early-Titled-Tuesday-Blitz-October-24-2023"]
[Site "Chess.com"]
[Date "2023.10.24"]
[Round "9"]
[White "Vesper2018"]
[Black "ozates"]
[Result "1-0"]
[WhiteElo "2602"]
[BlackElo "2718"]
[TimeControl "180+1"]
[EndTime "9:42:06 PDT"]
[Termination "Vesper2018 won by resignation"]

1. e4 c5 2. Nc3 Nc6 3. Bb5 Nd4 4. Bc4 a6 5. a4 g6 6. Nf3 Bg7 7. Nxd4 cxd4 8. Qf3 e6 9. Ne2 Ne7 10. d3 O-O 11. h4 Nc6 12. h5 Ne5 13. Qh3 d5 14. hxg6 fxg6 15. Qxh7+ Kf7 16. Bh6 Rg8 17. Bb3 dxe4 18. dxe4 d3 19. O-O-O Qf6 20. cxd3 Bd7 21. Bxg7 Rxg7 22. Qh4 g5 23. Qh5+ Ng6 24. Nc3 Rc8 25.
d4 Ke7 26. e5 Qf4+ 27. Kb1 b5 28. g3 Qf7 29. Qxg5+ Ke8 30. d5 Nf8 31. Qf6 b4 32.
Ne4 Qxf6 33. exf6 Rg4 34. Nd6+ Kd8 35. Rh8 Kc7 36. Nxc8 1-0

[Event "Early-Titled-Tuesday-Blitz-October-24-2023"]
[Site "Chess.com"]
[Date "2023.10.24"]
[Round "9"]
[White "GMJustin"]
[Black "Kotofeyca"]
[Result "1-0"]
[WhiteElo "2241"]
[BlackElo "2385"]
[TimeControl "180+1"]
[EndTime "9:42:06 PDT"]
[Termination "GMJustin won on time"]

1. e4 c5 2. Nf3 d6 3. Bb5+ Bd7 4. c4 Nf6 5. Nc3 Bxb5 6. cxb5 a6 7. bxa6 Nxa6 8. d4 cxd4 9. Nxd4 Nc5 10. Qe2 g6 11. O-O Bg7 12. Rd1 O-O 13. Rb1 Na4 14. e5 Nxc3 15. bxc3 Nd5 16. Nb5 e6 17. c4 Nc7 18.
Nxc7 Qxc7 19. exd6 Qc6 20. Be3 Rfd8 21. Rb6 Qa4 22. Rxb7 Rac8 23. c5 Rb8 24. Rxb8 Rxb8 25. d7 Rd8 26. Qd3 1-0

[Event "Early-Titled-Tuesday-Blitz-October-24-2023"]
[Site "Chess.com"]
[Date "2023.10.24"]
[Round "9"]
[White "ferrufino64"]
[Black "carloseduar100"]
[Result "1-0"]
[WhiteElo "2204"]
[BlackElo "2292"]
[TimeControl "180+1"]
[EndTime "9:42:07 PDT"]
[Termination "ferrufino64 won on time"]

1. e4 e6 2. d4 d5 3. Nc3 Nf6 4. e5 Nfd7 5. f4 c5 6. Nf3 Nc6 7. Be3 Qb6 8. Na4 Qc7 9. Nxc5 Nxd4 10. Nxd4 Bxc5 11. Qd2 O-O 12. O-O-O a6 13. g4 b5 14. Bd3 Nb6 15. Rhf1 Bd7 16. Rde1 Nc4 17. Bxc4 bxc4 18.
c3 Rab8 19. f5 exf5 20. Nxf5 Bxe3 21. Rxe3 Bxf5 22. gxf5 f6 23. Qxd5+ Kh8 24. exf6 Rxf6 25. Rf2 h6 26. Qe5 Qb6 27. Rd2 Rbf8 28. Rf3 Qg1+ 29.
Kc2 Qg4 30. Rdf2 Qh5 31. Qc5 Qf7 32. Rf4 Kh7 33. a4 Kh8 34. a5 Qd7 35. Qxc4 Rxf5 36. Rxf5 Rxf5 37. Rd2 Qc7 38. Qxc7 1-0

[Event "Early-Titled-Tuesday-Blitz-October-24-2023"]
[Site "Chess.com"]
[Date "2023.10.24"]
[Round "9"]
[White "kidagent"]
[Black "DonCiao"]
[Result "1-0"]
[WhiteElo "2276"]
[BlackElo "2131"]
[TimeControl "180+1"]
[EndTime "9:42:07 PDT"]
[Termination "kidagent won on time"]

1. c4 Nf6 2. g3 e5 3. Bg2 Nc6 4. Nc3 Bc5 5. Nf3 d6 6. d3 O-O 7. O-O h6 8. a4 a6 9. b3 Nd4 10.
Bb2 Bg4 11. e3 Nxf3+ 12. Bxf3 Bxf3 13. Qxf3 c6 14. Rad1 Re8 15. d4 e4 16. Nxe4 Nxe4 17. dxc5 Nxc5 18. Qg4 f6 19. Ba3 b6 20. a5 Re4 21. Qf5 Qc8 22. Qxc8+ Rxc8 23. Bxc5 dxc5 24. axb6 Rb8 25. Rd7 Rxb6 26. Rfd1 Rxb3 27. Ra7 Rxc4 28. Rdd7 Rg4 29. Rxa6 c4 30. Rxc6 c3 31. Rdc7 Rb1+ 32. Kg2 Rb3 33. Rxc3 Rxc3 34. Rxc3 Re4 35. f4 Ra4 36.
Kf3 Kh7 37. g4 Kg6 38. Rc5 Kf7 39. h4 Ra3 40. Rc7+ Kg8 41. h5 Kh7 42. Re7 Ra4 43.
Kg3 Ra3 44. Kh4 Ra4 45. e4 1-0

[Event "Early-Titled-Tuesday-Blitz-October-24-2023"]
[Site "Chess.com"]
[Date "2023.10.24"]
[Round "9"]
[White "Zhbugnoimt"]
[Black "Chernov_Mikhail"]
[Result "1-0"]
[WhiteElo "2566"]
[BlackElo "2419"]
[TimeControl "180+1"]
[EndTime "9:42:11 PDT"]
[Termination "Zhbugnoimt won on time"]

1. e4 c5 2. Nf3 Nc6 3. Bb5 g6 4. O-O Bg7 5. c3 e5 6. Re1 Nge7 7. d3 O-O 8. Be3 d6 9. d4 exd4 10.
cxd4 Bg4 11. dxc5 Bxb2 12. Nbd2 Bxa1 13. Qxa1 dxc5 14. Bxc5 Qa5 15. a4 Rfd8 16. Be3 Bxf3 17. Nxf3 Qb4 18. Rb1 Qxe4 19. Bh6 Nd4 20. Re1 Qg4 21.
Nxd4 Rxd4 22. h3 Qh4 23. Rxe7 Qxe7 24. Qxd4 f6 25. g4 Rd8 26. Qc3 a6 27. Bc4+ Kh8 28.
g5 1-0

[Event "Early-Titled-Tuesday-Blitz-October-24-2023"]
[Site "Chess.com"]
[Date "2023.10.24"]
[Round "9"]
[White "aranibos"]
[Black "giomar27"]
[Result "1/2-1/2"]
[WhiteElo "2283"]
[BlackElo "2361"]
[TimeControl "180+1"]
[EndTime "9:42:11 PDT"]
[Termination "Game drawn by repetition"]

1. d4 Nf6 2. Nf3 c5 3. d5 b5 4.
a4 b4 5. c4 d6 6. g3 e5 7. Bg2 Be7 8. O-O O-O 9. b3 a5 10.
Ra2 Nbd7 11. Nfd2 Ne8 12. e4 g6 13. Re1 Ng7 14. Nf1 f5 15. exf5 Nxf5 16. Bh3 Nf6 17.
Bxf5 Bxf5 18. Bh6 Rf7 19. f3 Bf8 20. Bxf8 Qxf8 21. Rf2 Re8 22. Nbd2 g5 23. Ne3 Bg6 24. Ref1 Bd3 25. Re1 Bg6 26. Qe2 Qg7 27. Ref1 Ref8 28.
Ng4 Nxg4 29. fxg4 Rxf2 30. Rxf2 Rxf2 31. Qxf2 Qf7 32. Qxf7+ Kxf7 33. Kf2 Kf6 34. Ke3 h6 35. Ne4+ Ke7 36. h4 Bxe4 37. Kxe4 h5 38. hxg5 hxg4 39. Kf5 Kf7 40. g6+ Kg7 41. Kg5 e4 42. Kf4 Kxg6 43.
Kxe4 Kg5 44. Ke3 Kf5 45. Kd3 Ke5 46. Ke3 Kf5 47. Kd3 Kg5 48. Ke3 Kf5 1/2-1/2

[Event "Early-Titled-Tuesday-Blitz-October-24-2023"]
[Site "Chess.com"]
[Date "2023.10.24"]
[Round "9"]
[White "Artemiki"]
[Black "Semetey"]
[Result "1/2-1/2"]
[WhiteElo "2363"]
[BlackElo "2532"]
[TimeControl "180+1"]
[EndTime "9:42:14 PDT"]
[Termination "Game drawn by stalemate"]

1. e4 a6 2. Bc4 e6 3. a4 d5 4.
exd5 exd5 5. Bb3 Nf6 6. d4 Be7 7. Nf3 O-O 8. O-O Bg4 9. c3 Nbd7 10. Bc2 Re8 11. Bf4 c5 12. Nbd2 Qb6 13. Rb1 cxd4 14. cxd4 Rac8 15. h3 Bh5 16. g4 Bg6 17. Bxg6 hxg6 18.
Qb3 Qa7 19. Rbc1 Nf8 20. Be5 Ne6 21. g5 Ne4 22. Qxd5 Nxd2 23. Nxd2 Bxg5 24. Rxc8 Rxc8 25. Ne4 Rd8 26. Qc4 Bf4 27. Bxf4 Nxf4 28. Qc7 Ne2+ 29. Kh1 Qxd4 30. Ng3 Qd5+ 31. Kh2 Nd4 32. Rc1 Nf3+ 33. Kg2 Nh4+ 34. Kf1 Qg2+ 35. Ke2 Qf3+ 36. Ke1 Re8+ 37. Kd2 Qxf2+ 38. Kc3 Re3+ 39. Kb4 Qxg3 40. Qd8+ Kh7 41.
Rc4 Nf5 42. Rg4 Qxh3 43. Rf4 Rb3+ 44. Ka5 Rxb2 45. Rh4+ Nxh4 46. Qh8+ Kxh8 1/2-1/2

[Event "Early-Titled-Tuesday-Blitz-October-24-2023"]
[Site "Chess.com"]
[Date "2023.10.24"]
[Round "9"]
[White "NowInChess"]
[Black "Nasrin_Babayeva"]
[Result "0-1"]
[WhiteElo "2200"]
[BlackElo "1785"]
[TimeControl "180+1"]
[EndTime "9:42:14 PDT"]
[Termination "Nasrin_Babayeva won on time"]

1. e4 Nc6 2. Nf3 d6 3. d4 Nf6 4.
Nc3 Bg4 5. Be2 e6 6. h3 Bh5 7.
Be3 Be7 8. O-O O-O 9. g4 Bg6 10. Nd2 e5 11. d5 Nd4 12. f4 h6 13. f5 Bh7 14. Nf3 c5 15. dxc6 Nxf3+ 16. Bxf3 bxc6 17. Qd3 Qa5 18. Rfd1 Rfd8 19. h4 d5 20. exd5 cxd5 21. Nxd5 Nxd5 22. Bxd5 Bxh4 23. Qb3 Rab8 24. Bxf7+ Kh8 25.
Rxd8+ Qxd8 26. Qc3 Rb7 27. Be6 Bf6 28. Qd2 Qxd2 29.
Bxd2 Rxb2 30. Rc1 Bg8 31. Bxg8 Kxg8 32. a4 e4 33. a5 Bd4+ 34. Kg2 e3 35. Be1 Ra2 36.
Kf3 Bc5 37. c4 Ra3 38. Ke2 Ra2+ 0-1

[Event "Early-Titled-Tuesday-Blitz-October-24-2023"]
[Site "Chess.com"]
[Date "2023.10.24"]
[Round "9"]
[White "Keeper0416"]
[Black "Flaccidmoves"]
[Result "0-1"]
[WhiteElo "2573"]
[BlackElo "2446"]
[TimeControl "180+1"]
[EndTime "9:42:17 PDT"]
[Termination "Flaccidmoves won by resignation"]

1. d4 Nf6 2. c4 e6 3. g3 c5 4. d5 exd5 5. cxd5 d6 6. Bg2 g6 7. Nf3 Bg7 8. O-O O-O 9. Nc3 Re8 10. Bf4 Nh5 11. Bg5 Qb6 12. Qc2 Bg4 13. Nd2 h6 14. Be3 Nd7 15. Nc4 Qa6 16. Qb3 Ne5 17. Nxe5 Bxe5 18.
Rfe1 Kh7 19. a4 Bd7 20. f4 Bg7 21. Bf2 f5 22. e4 fxe4 23. Bxe4 Nf6 24. Bf3 Ng4 25.
Nb5 Nxf2 26. Kxf2 Qb6 27. Qc2 Bxb5 28. axb5 Qxb5 29. Be4 Qxb2 30. Bxg6+ Kh8 31. Qxb2 Bxb2 32. Bxe8 Bxa1 33. Bf7 Bd4+ 34. Ke2 a5 35. Kd3 a4 36.
Kc4 a3 37. Bg6 a2 38. f5 a1=Q 0-1

[Event "Early-Titled-Tuesday-Blitz-October-24-2023"]
[Site "Chess.com"]
[Date "2023.10.24"]
[Round "9"]
[White "Barmen_EV"]
[Black "DonJuanEGenaro"]
[Result "1-0"]
[WhiteElo "2504"]
[BlackElo "1842"]
[TimeControl "180+1"]
[EndTime "9:42:17 PDT"]
[Termination "Barmen_EV won on time"]

1. e4 c5 2. c3 e5 3. Nf3 Nc6 4. Bc4 Nf6 5. Ng5 d5 6. exd5 Nxd5 7. Nf3 Be7 8. O-O e4 9. Ne1 O-O 10. d3 exd3 11. Nxd3 Nb6 12. Bb5 Bf5 13. Nf4 Qxd1 14. Rxd1 Rad8 15. Bd2 Ne5 16. Na3 a6 17. Be2 Bg5 18. Be3 Na4 19. Nd5 Bxe3 20. Ne7+ Kh8 21. Nxf5 Bg5 22. Rab1 b5 23. g3 g6 24. Nd6 Nb6 25. f4 Nec4 26. Ndxc4 Nxc4 27. Nxc4 Rde8 28. Ne5 1-0

[Event "Early-Titled-Tuesday-Blitz-October-24-2023"]
[Site "Chess.com"]
[Date "2023.10.24"]
[Round "9"]
[White "Laico"]
[Black "Politov_Pavel"]
[Result "0-1"]
[WhiteElo "2342"]
[BlackElo "2067"]
[TimeControl "180+1"]
[EndTime "9:42:17 PDT"]
[Termination "Politov_Pavel won on time"]

1. e3 d5 2. b3 e5 3. Bb2 Nc6 4. Bb5 Bd6 5. f4 f6 6. fxe5 fxe5 7. Bxc6+ bxc6 8. Bxe5 Qg5 9. Nf3 Qg4 10. O-O Ne7 11. Bxd6 cxd6 12. Nd4 Bd7 13. Qxg4 Bxg4 14. Nc3 a6 15. Rf4 Bd7 16. Raf1 c5 17. Nf3 Ng6 18.
Ra4 Bxa4 19. Nxa4 Rb8 20. Nc3 Ne7 21. Ng5 Kd7 22. Rf7 h6 23. Nh3 Ke6 24. Rxg7 d4 25.
exd4 cxd4 26. Ne2 Nf5 27. Nhf4+ Kf6 28. Ra7 Rhe8 29. Rxa6 Ra8 0-1

[Event "Early-Titled-Tuesday-Blitz-October-24-2023"]
[Site "Chess.com"]
[Date "2023.10.24"]
[Round "9"]
[White "vishwa_vijeta"]
[Black "CSB7"]
[Result "0-1"]
[WhiteElo "2524"]
[BlackElo "2713"]
[TimeControl "180+1"]
[EndTime "9:42:18 PDT"]
[Termination "CSB7 won by checkmate"]

1. e4 e5 2. Nf3 Nf6 3. d4 Nxe4 4. Bd3 Nc6 5. O-O d5 6. c4 f5 7. cxd5 Qxd5 8. Bxe4 fxe4 9. Nc3 Qd7 10. Nxe4 exd4 11. Re1 Be7 12. Nfg5 Qf5 13. Qb3 h6 14. Ng3 Qg6 15. Ne6 Bxe6 16. Qxb7 Kd7 17. Bf4 Rhc8 18.
Rac1 Bd5 19. Bxc7 Rxc7 20. Qxa8 h5 21. f3 d3 22. Ne4 Bb4 23. Nc5+ Bxc5+ 24. Rxc5 Bxf3 25.
g3 d2 26. Rf1 Qd3 27. Rc3 Qd4+ 28. Rf2 d1=Q# 0-1

[Event "Early-Titled-Tuesday-Blitz-October-24-2023"]
[Site "Chess.com"]
[Date "2023.10.24"]
[Round "9"]
[White "Alina_Gumerovna"]
[Black "Payyappat"]
[Result "1-0"]
[WhiteElo "2136"]
[BlackElo "2499"]
[TimeControl "180+1"]
[EndTime "9:42:20 PDT"]
[Termination "Alina_Gumerovna won by resignation"]

1. e4 c6 2. d4 d5 3. Nc3 dxe4 4.
Nxe4 Nf6 5. Nxf6+ exf6 6. Nf3 Bd6 7. Be2 O-O 8. O-O Re8 9. Be3 Nd7 10. c4 Nf8 11. Qd2 Be6 12. Rad1 Ng6 13. a3 b6 14. b4 Qb8 15. c5 Bc7 16. h3 Ne7 17. b5 Bd5 18. bxc6 Nxc6 19. Qc3 Bf4 20. Bxf4 Qxf4 21. Rfe1 Re6 22. Bc4 Rxe1+ 23. Nxe1 Bxc4 24. Qxc4 Rd8 25. Nf3 Qe4 26. cxb6 Ne5 27. Qc7 Nxf3+ 28. gxf3 Qe8 29. bxa7 g6 30. Rb1 Kg7 31. Rb8 Qe1+ 32. Kg2 Rd5 33. Qf4 Rb5 34. Rxb5 1-0

[Event "Early-Titled-Tuesday-Blitz-October-24-2023"]
[Site "Chess.com"]
[Date "2023.10.24"]
[Round "9"]
[White "Let_it_be_1"]
[Black "salomez"]
[Result "1-0"]
[WhiteElo "2563"]
[BlackElo "2343"]
[TimeControl "180+1"]
[EndTime "9:42:22 PDT"]
[Termination "Let_it_be_1 won on time"]

1. e4 c5 2. Nf3 Nc6 3. d4 cxd4 4. Nxd4 Nf6 5. Nc3 e5 6. Ndb5 d6 7. Bg5 a6 8. Na3 b5 9. Nd5 Be7 10. Bxf6 Bxf6 11. c3 Rb8 12. Nc2 Bg5 13. a4 bxa4 14. Ncb4 Nxb4 15. Nxb4 Bd7 16. Bxa6 O-O 17. O-O Qb6 18.
Bd3 g6 19. Bc2 f5 20. exf5 gxf5 21. Bxa4 Bxa4 22. Rxa4 Kh8 23. Ra6 Qb5 24. Rxd6 Rbd8 25. Nc6 Rxd6 26. Qxd6 Re8 27. b4 Qe2 28. g3 f4 29. h4 fxg3 30. hxg5 g2 31. Qf6+ Kg8 32. Ra1 Qh5 33. Kxg2 Qg4+ 34. Kf1 Qh3+ 35. Ke2 Qg4+ 36. Kd2 1-0

[Event "Early-Titled-Tuesday-Blitz-October-24-2023"]
[Site "Chess.com"]
[Date "2023.10.24"]
[Round "9"]
[White "KVAIDAN"]
[Black "HajiyevKanan"]
[Result "1-0"]
[WhiteElo "2393"]
[BlackElo "2539"]
[TimeControl "180+1"]
[EndTime "9:42:24 PDT"]
[Termination "KVAIDAN won by resignation"]

1. f4 b6 2. Nf3 Bb7 3. d3 g6 4. e4 Bg7 5. Be2 d5 6. e5 f6 7. O-O c5 8. c3 Nc6 9. d4 Nh6 10. Nh4 cxd4 11. cxd4 Qd7 12. Nc3 e6 13. Nb5 Nf7 14. Be3 O-O 15. Qe1 Rac8 16. Qg3 f5 17.
Nf3 Nb4 18. Bd2 Nc2 19. Rac1 a6 20. Nc3 Nb4 21. a3 Nc6 22. Be3 Na5 23. Ng5 Nxg5 24. fxg5 Nc4 25. Bxc4 dxc4 26. d5 Bxd5 27. Bxb6 Qb7 28.
Ba5 Qxb2 29. Rb1 Qxa3 30. Bb4 Qb3 31. Rxb3 cxb3 32. Nxd5 exd5 33. Bxf8 Bxf8 34. Qxb3 Rc5 35. Rd1 Rb5 36. Qa2 Bc5+ 37. Kf1 Be3 38. Rxd5 Rxd5 39.
Qxd5+ Kg7 40. Qb7+ Kg8 41. h4 h6 42. e6 hxg5 43. Qf7+ Kh8 44. e7 1-0

[Event "Early-Titled-Tuesday-Blitz-October-24-2023"]
[Site "Chess.com"]
[Date "2023.10.24"]
[Round "9"]
[White "SnekkerAndersen"]
[Black "johnmez"]
[Result "1-0"]
[WhiteElo "2487"]
[BlackElo "2330"]
[TimeControl "180+1"]
[EndTime "9:42:24 PDT"]
[Termination "SnekkerAndersen won on time"]

1. b4 d5 2. Bb2 e6 3. Nf3 Nf6 4. a3 a5 5. b5 b6 6. e3 Bd6 7. Be2 O-O 8. O-O Bb7 9. d3 Nbd7 10. Nbd2 Nc5 11. a4 Qe7 12. Ne5 Rad8 13. f4 Nfd7 14. Ndf3 f6 15. Nc6 Bxc6 16. bxc6 Nb8 17. Nd4 Qe8 18. f5 e5 19. Bh5 Qe7 20. Re1 e4 21.
Kh1 Qe5 22. g3 Nxc6 23. Nxc6 Qxb2 24. d4 Nxa4 25. Rxa4 Qb5 26. Nxd8 Qxa4 27. Ne6 Rb8 28. Qg4 Qd7 29. c4 c6 30. Rb1 b5 31. c5 Bc7 32.
Qd1 a4 33. Be2 a3 34. Qb3 b4 35. Qa4 g6 36. Rxb4 Rxb4 37. Qxb4 gxf5 38. Nf4 1-0